 Dungeon Crawl Stone Soup version 0.30-a0-140-gd1020e658a (webtiles) character file.

Game seed: 5919733427171753020

16 jimonade the Magician (level 2, -4/21 HPs)
             Began as a Djinni Fire Elementalist on Sept 24, 2022.
             Killed by nerve-wracking pain
             ... invoked by an orc priest
              (14 damage)
             ... on level 2 of the Dungeon.
             The game lasted 00:01:36 (1154 turns).

jimonade the Magician (Djinni Fire Elementalist)    Turns: 1154, Time: 00:01:36

Health: -4/21      AC:  2    Str:  7    XL:     2   Next: 75%
Gold:   20         EV: 12    Int: 16    God:
                   SH:  0    Dex: 13

rFire   + + .      SeeInvis .    (no weapon)
rCold   x . .      Faith    .    (no shield)
rNeg    . . .      Spirit   .    a - +0 robe
rPois   ∞          Reflect  .    (no helmet)
rElec   .          Harm     .    (no cloak)
rCorr   .          Rampage  .    (no gloves)
Will    .....                    (boots unavailable)
Stlth   ++........               (no amulet)
HPRegen 0.07/turn                (no ring)
MPRegen 0.00/turn                (no ring)

@: flying
A: sickness immunity, fire resistance 2, cold vulnerability 1, float, innate
caster, HP casting, extra vitality 1
a: no special abilities


You were on level 2 of the Dungeon.
You visited 1 branch of the dungeon, and saw 2 of its levels.

You collected 20 gold pieces.

Inventory:

Hand Weapons
 i - a +0 spear
Armour
 a - a +0 robe (worn)
Scrolls
 b - a scroll of immolation {unknown}
 f - a scroll of fog {unknown}
 g - a scroll of amnesia {unknown}
 h - a scroll of identify {unknown}
Potions
 c - 2 potions of curing {unknown}
 d - a potion of lignification {unknown}
 e - a potion of brilliance {unknown}


   Skills:
 - Level 2.1 Dodging
 - Level 1.5 Stealth
 + Level 3.0 Spellcasting


You couldn't memorise any spells.
You knew the following spells:

 Your Spells              Type           Power      Damage    Failure   Level
a - Foxfire               Conj/Fire      48%        2x1d6     5%          1
b - Scorch                Fire           24%        2d6       8%          2
c - Kindle Blastsparks    Fire/Tloc/Air  24%        2d12      16%         3
d - Inner Flame           Hex/Fire       12%        N/A       16%         3
e - Flame Wave            Conj/Fire      12%        2d6       45%         4
Your spell library was empty.

Dungeon Overview and Level Annotations

Branches:
Dungeon (2/15)

Altars:

Shops:
D:2 *

Annotations:
D:1 exclusion: downstairs
D:2 Robin, Terence


Innate Abilities, Weirdness & Mutations

You are immune to sickness and miasma.
You are immune to poison.
Your flesh is very heat resistant. (rF++)
You are vulnerable to cold. (rC-)
You float through the air rather than walking.
You learn spells naturally, not from books.
Your magical power is your life essence.
You have superior vitality. (+4 MHP)


Message History

Your foxfire dissipates! x2
You fly upwards.
Level annotation: exclusion: downstairs Your magical contamination has completely faded away.
There is a stone staircase leading down here.
You start resting.
HP restored.
You fly downwards.
Level annotation: Robin, Terence The orc hits you with a +0 short sword.
An orc priest comes into view. It is wielding a +0 whip.
The orc closely misses you.
There is a stone staircase leading up here.
Casting: Foxfire (safe; 5% risk of failure)
Confirm with . or Enter, or press ? or * to list all spells.
Flames lash the orc.
The orc is almost dead.
The orc's fire resistance burns away.
The orc priest shouts!
You hear an angry hiss.
You hear a shout!
The orc completely misses you.
Casting: Scorch (safe; 9% risk of failure)
Confirm with . or Enter, or press ? or * to list all spells.
Flames lash the orc.
The orc is burned terribly!
You kill the orc!
An orc priest comes into view. It is wielding a +0 short sword.
A worm comes into view.
You conjure some foxfire!
Casting: Foxfire (safe; 5% risk of failure)
Confirm with . or Enter, or press ? or * to list all spells.
Flames lash the orc priest.
The orc priest is heavily wounded.
The orc priest's fire resistance burns away.
The foxfire hits the orc priest but does no damage.
The orc priest is heavily wounded.
The foxfire hits the orc priest.
The orc priest is heavily wounded.
The orc priest mumbles some strange prayers to Beogh against you.
Pain shoots through your body!
Ouch! That really hurt!
You die...

.#.....#$......g..
.#.............#.∩
#.
........)#...†.....
.. .
#......o?§#....
..#...#..S.... ...
....#....o#.##....
##?...............
....#....§#.#....$
#.......@§....##.
###......§..#.#
##........# #
#........#
#...........#
..!..##.....#.
....w# #...#...#
.!... #.#.#...
..... .#.. ..


You could see a worm, 2 orc priests and an adder.

Vanquished Creatures
  2 dart slugs
  2 orcs (D:2)
  A ball python (D:2)
  A giant cockroach (D:2)
  2 goblins (D:2)
  A bat (D:1)
  A frilled lizard (D:1)
10 creatures vanquished.

Vanquished Creatures (others)
  28 foxfires
28 creatures vanquished.

Grand Total: 38 creatures vanquished

Notes
Turn   | Place    | Note
-------+----------+-------------------------------------------
     0 | D:1      | jimonade the Djinni Fire Elementalist began the quest for
                  | the Orb.
     0 | D:1      | jimonade set off with the following spells memorised:
                  | Foxfire, Scorch, Kindle Blastsparks, Inner Flame, Flame
                  | Wave.
     0 | D:1      | Reached XP level 1. HP: 15/15 MP: 0/0
   645 | D:1      | Found a faded altar of an unknown god.
   873 | D:2      | Noticed Robin
   873 | D:2      | Noticed Terence
   873 | D:2      | Found Peesk's General Store.
   877 | D:2      | Reached XP level 2. HP: 10/21 MP: 0/0
  1044 | D:2      | Reached skill level 3 in Spellcasting
  1154 | D:2      | Killed from afar by an orc priest

Illustrated notes

Levels and vault maps discovered:
D:1:      sevenhm_arrival_forest_fort_large_2, layout_rooms,
          shapermc_ecumenical_altar_hornbeckon
D:2:      layout_rooms, serial_shops, nicolae_shop_stone, uniq_robin,
          uniq_crazy_yiuf_cottage, uniq_terence

Skill      XL: |  1  2 |
---------------+-------+-----
Spellcasting   | 3 |  3.0
Dodging        | |  2.1
Stealth        | |  1.5

Action                   || total
-------------------------++-------
 Cast: Foxfire           ||    15
       Scorch            ||     3
Dodge: Dodged            ||     4

Table legend: (Time is in decaauts)
 A = Elapsed time spent in this place.
 B = Non-inter-level travel time spent in this place.
 C = Inter-level travel time spent in this place.
 D = Time resting spent in this place.
 E = Time spent auto-exploring this place.
 F = Levels seen in this place.
 G = Mean time per level.
                   A        B        C        D        E       F      G
               +--------+--------+--------+--------+--------+-----+--------+
         Total |   1155 |   1099 |     56 |    469 |    489 |   2 |  577.5 |
       Dungeon |   1155 |   1099 |     56 |    469 |    489 |   2 |  577.5 |
               +--------+--------+--------+--------+--------+-----+--------+

Top non-repeatable levels by time:
     D:1: 1128 daAuts
     D:2: 27 daAuts
